 Dungeon Crawl Stone Soup version 0.27-a0-92-g39ad13b146 (webtiles) character file.

Game seed: 6551658060960871003

3936 knot the Cleaver (level 10, 70/70 HPs)
             Began as a Demonspawn Berserker on Jan 16, 2021.
             Was a High Priest of Trog.
             Quit the game on level 9 of the Dungeon.
             The game lasted 00:17:07 (8586 turns).

knot the Cleaver (Demonspawn Berserker)             Turns: 8586, Time: 00:17:07

Health: 70/70      AC:  9    Str: 18    XL:     10   Next: 1%
Magic:  10/10      EV: 12    Int: 12    God:    Trog [*****.]
Gold:   378        SH:  0    Dex: 12    Spells: 9/9 levels left

rFire    . . .     SeeInvis .   N - +1 battleaxe
rCold    . . .     Faith    .   (shield currently unavailable)
rNeg     . . .     Spirit   .   Q - +0 steam dragon scales
rPois    +         Reflect  .   (helmet unavailable)
rElec    .         Harm     .   w - +0 cloak
rCorr    .         Rampage  .   (no gloves)
Will     .....                  k - +1 pair of boots
Stlth    ..........             L - amulet of inaccuracy (curse)
HPRegen  1.21/turn              r - ring of attention (curse)
MPRegen  0.12/turn              h - ring of poison resistance

@: no status effects
A: horns 3, powered by death 1, miasma immunity, sharp scales 1
a: Renounce Religion, Berserk, Trog's Hand, Brothers in Arms


You were on level 9 of the Dungeon.
You worshipped Trog.
Trog was extremely pleased with you.
You visited 2 branches of the dungeon, and saw 10 of its levels.

You collected 378 gold pieces.

Inventory:

Hand Weapons
 d - the cursed +3 whip of Qeypp {drain, +Fly Will+ Dex+2 SInv}
   (You took it off a kobold on level 3 of the Dungeon)

   A truly terrible weapon, it drains the life of those it strikes.
   It affects your dexterity (+2).
   It affects your willpower, your defense against some magical effects.
   It lets you see invisible.
   It lets you fly.
   It has a curse placed upon it.
 x - a +2 war axe of venom
 N - a +1 battleaxe (weapon)
 P - a +2 scimitar of flaming
Missiles
 e - 20 boomerangs
 f - 248 stones
 g - 6 curare-tipped darts
 o - 72 sling bullets
 p - 28 poisoned darts (quivered)
 E - 6 atropa-tipped darts
 F - 8 javelins
 M - 2 throwing nets
Armour
 b - a +0 pair of boots
 j - a +3 ring mail
 k - a +1 pair of boots (worn)
 w - a +0 cloak (worn)
 O - a +3 scale mail
 Q - +0 steam dragon scales (worn)
Jewellery
 a - an uncursed ring of resist corrosion
 h - a ring of poison resistance (right hand)
 r - a cursed ring of attention (left hand)
 t - an uncursed ring of stealth
 I - an uncursed amulet of magic regeneration
 L - a cursed amulet of inaccuracy (around neck)
Wands
 C - a wand of iceblast (16)
 J - a wand of polymorph (15)
Scrolls
 s - 3 scrolls of magic mapping
 u - 2 scrolls of blinking
 y - 2 scrolls of teleportation
 H - 3 scrolls of identify
Potions
 c - a potion of resistance
 i - 2 potions of lignification
 l - 2 potions of berserk rage
 m - a potion of invisibility
 n - 9 potions of curing
 q - 3 potions of brilliance
 v - 7 potions of flight
 z - a potion of cancellation {unknown}
 A - a potion of mutation {unknown}
 B - 3 potions of haste {unknown}
 D - a potion of might {unknown}
 G - 2 potions of attraction {unknown}
 K - 2 potions of heal wounds {unknown}
Miscellaneous
 R - a condenser vane


   Skills:
 - Level 3.0 Fighting
 * Level 10.7 Axes
 * Level 8.1 Throwing
 - Level 1.7 Armour
 - Level 1.7 Dodging


You had 9 spell levels left.
You didn't know any spells.
Your spell library was empty.

Dungeon Overview and Level Annotations

Branches:
Dungeon (9/15)             Temple (1/1) D:6
   Lair: D:8-11         Orc: D:9-12

Altars:
Ashenzari
Cheibriados
Dithmenos
Elyvilon
Fedhas
Gozag
Hepliaklqana
Kikubaaqudgha
Makhleb
Nemelex Xobeh
Okawaru
Qazlal
Ru
Sif Muna
Trog
Uskayaw
Vehumet
Wu Jian
Xom
Yredelemnul
Zin
The Shining One
Lugonu

Portals:
Abyss: D:3


Innate Abilities, Weirdness & Mutations

You have a pair of large horns on your head.
You regenerate a little health from kills.
You are immune to miasma.
You are partially covered in razor-sharp scales. (AC +1, Slay +1)


Message History

There is a stone staircase leading down here.
Things that are here:
a +5 spear; a +0 robe The black bear closely misses you.
The black bear claws you but does no damage.
The black bear barely misses you.
Found a barding.
You barely miss the black bear.
The black bear bites you but does no damage.
The black bear closely misses you. The black bear claws you.
An orc comes into view. It is wielding a +0 flail.
An orc comes into view. It is wielding a +0 short sword.
The orc shouts! x2
You slice the black bear!! You headbutt the black bear.
You kill the black bear!
Trog accepts your kill.
You have reached level 10!
Your demonic ancestry asserts itself...
You feel immune to miasma.
Are you sure you want to abandon this character and quit the game? (Confirm with "yes".)

#.......[.#
#...o.o...#
#.........#
#.........#
#.........#
#.........#
#<........#
#...@.....#
#.........#
#.=.......#
#...>.....#
#....)<...#
#....[....#
#.........#
#.........######
..................


You could see 2 orcs.

Vanquished Creatures
  Harold (D:8)
  Pikel (D:5)
  Menkaure (D:5)
  Duvessa (D:5)
  An orc warrior (D:8)
  A phantom (D:4)
  A black bear (D:9)
  2 ogres
  2 centaurs (D:7)
  3 lemures (D:5)
  A big kobold (D:3)
  A bullfrog (D:8)
  Dowan (D:5)
  2 scorpions
  6 killer bees (D:7)
  7 wights
  The ghost of GoldenjunoSP the Gusty, a weakling DrAE (D:3)
  2 bullfrog zombies
  A bullfrog skeleton (D:7)
  4 centaur skeletons
  7 orc priests
  2 iguanas (D:8)
  A jelly (D:8)
  4 orc wizards
  5 worker ants
  2 hound zombies
  A hound skeleton (D:7)
  A howler monkey zombie (D:7)
  2 howler monkey skeletons
  11 adders
  3 white imps
  3 oozes
  An adder skeleton (D:8)
  5 worms
  4 dart slugs
  8 leopard geckos
  29 orcs
  5 giant cockroaches
  10 goblins
  6 hobgoblins
  9 jackals
  2 quokkas
  3 ball pythons
  4 bats
  5 frilled lizards
  A jackal zombie (D:5)
  14 kobolds
  A leopard gecko zombie (D:5)
  A quokka skeleton (D:8)
  A quokka zombie (D:6)
  14 rats
  A lurking horror (D:3)
206 creatures vanquished.

Vanquished Creatures (collateral kills)
  An orc warrior (D:8)
  An orc wizard (D:8)
  A white imp (D:8)
  An adder zombie (D:8)
  An orc (D:8)
5 creatures vanquished.

Vanquished Creatures (others)
  3 fungi (D:3)
3 creatures vanquished.

Grand Total: 214 creatures vanquished

Notes
Turn   | Place    | Note
-------+----------+-------------------------------------------
     0 | D:1      | knot the Demonspawn Berserker began the quest for the Orb.
     0 | D:1      | Reached XP level 1. HP: 18/18 MP: 1/1
    95 | D:1      | Reached skill level 3 in Axes
   102 | D:1      | Gained mutation: You have a pair of small horns on your
                  | head. [demonic ancestry]
   102 | D:1      | Reached XP level 2. HP: 18/24 MP: 2/2
   806 | D:1      | Reached XP level 3. HP: 28/29 MP: 3/3
  1061 | D:2      | Reached skill level 4 in Axes
  1323 | D:2      | Reached ** piety under Trog
  1593 | D:2      | Reached XP level 4. HP: 35/35 MP: 4/4
  1802 | D:2      | Reached skill level 5 in Axes
  2296 | D:3      | Gained mutation: You have a pair of horns on your head.
                  | [demonic ancestry]
  2296 | D:3      | Reached XP level 5. HP: 34/41 MP: 5/5
  2351 | D:3      | Found a runed translucent gate.
  2351 | D:3      | Found a runed translucent gate.
  2351 | D:3      | Found a runed translucent gate.
  2352 | D:3      | Identified the cursed +3 whip of Qeypp {drain, +Fly Will+
                  | Dex+2 SInv}
  2354 | D:3      | Noticed GoldenjunoSP's ghost (weakling DrAE)
  2798 | D:3      | Found a corrupted altar of Lugonu.
  2935 | D:3      | Found a one-way gate to the infinite horrors of the Abyss.
  2954 | D:3      | Reached *** piety under Trog
  3346 | D:3      | Reached skill level 6 in Axes
  3351 | D:3      | Killed GoldenjunoSP's ghost
  3352 | D:3      | Gained mutation: You regenerate a little health from kills.
                  | [demonic ancestry]
  3352 | D:3      | Reached XP level 6. HP: 47/47 MP: 6/6
  3659 | D:4      | Reached skill level 7 in Axes
  3753 | D:4      | Found a glowing silver altar of Zin.
  3855 | D:4      | You fall into a shaft and drop 2 floors!
  3951 | D:5      | Entered Level 5 of the Dungeon
  4180 | D:4      | Found an iron altar of Okawaru.
  4220 | D:4      | Reached skill level 1 in Throwing
  4270 | D:4      | Gained mutation: You have a pair of large horns on your
                  | head. [demonic ancestry]
  4270 | D:4      | Reached XP level 7. HP: 52/52 MP: 7/7
  4607 | D:5      | Noticed Pikel
  4623 | D:5      | Killed Pikel
  4624 | D:5      | Reached skill level 8 in Axes
  4624 | D:5      | Reached XP level 8. HP: 54/58 MP: 8/8
  4813 | D:5      | Noticed Menkaure
  4820 | D:5      | Killed Menkaure
  4840 | D:5      | Noticed Dowan
  4841 | D:5      | Noticed Duvessa
  5047 | D:5      | Killed Duvessa
  5049 | D:5      | Killed Dowan
  5125 | D:5      | Found an opulent altar of Gozag.
  5151 | D:5      | Reached skill level 5 in Throwing
  5380 | D:5      | Reached skill level 9 in Axes
  5512 | D:5      | Noticed a moth of wrath
  5515 | D:5      | Found a bloodstained altar of Trog.
  6313 | D:6      | Found a staircase to the Ecumenical Temple.
  6321 | Temple   | Entered the Ecumenical Temple
  6899 | D:7      | Reached **** piety under Trog
  6913 | D:7      | Gained mutation: You are partially covered in razor-sharp
                  | scales. (AC +1, Slay +1) [demonic ancestry]
  6913 | D:7      | Reached XP level 9. HP: 63/63 MP: 9/9
  7555 | D:7      | Found a white marble altar of Elyvilon.
  7813 | D:8      | Noticed Harold
  7819 | D:8      | Reached skill level 10 in Axes
  7832 | D:8      | Killed Harold
  8152 | D:8      | Noticed Joseph
  8156 | D:8      | Noticed Joseph
  8156 | D:8      | Joseph changed into Joseph the iguana
  8163 | D:8      | Killed Joseph the iguana
  8343 | D:8      | Noticed Maggie
  8344 | D:8      | Noticed Maggie
  8344 | D:8      | Maggie changed into Maggie the ball python
  8346 | D:8      | Killed Maggie the ball python
  8368 | D:8      | Reached ***** piety under Trog
  8586 | D:9      | Gained mutation: You are immune to miasma. [demonic
                  | ancestry]
  8586 | D:9      | Reached XP level 10. HP: 70/70 MP: 10/10
  8586 | D:9      | Quit the game

Illustrated notes

Levels and vault maps discovered:
D:1:      dpeg_arrival_short_road, layout_loops_cross
D:2:      layout_basic
D:3:      layout_basic, gammafunk_ghost_nasty_kobolds,
          amcnicky_altar_lugonu_corruption
D:4:      layout_gridville, zin_academy, okawaru_ov_weapons_minmay,
          minmay_fractal_squares_gapless_5
D:5:      layout_gridville, grunt_gozag_statues, minivault_26,
          corexii_item_surrounded_by_moat, tgw_trog, uniq_menkaure, uniq_pikel,
          uniq_duvessa
D:6:      layout_loops_ring, minmay_temple_entry_fiery, minivault_11
D:7:      layout_basic, elyvilon_altar_4
D:8:      layout_cave_pools, uniq_harold, uniq_joseph, uniq_maggie
D:9:      layout_long_grid, orc_david_3, david_defended_altar_elf
Temple:   compressed_dpeg_circular_temple

Skill      XL: |  1  2  3  4  5  6  7  8  9 |
---------------+----------------------------+-----
Axes           | 3 4 5 6 7 8 9 10 | 10.7
Throwing       | 1 3 6 8 |  8.1
Fighting       | |  3.0
Armour         | |  1.7
Dodging        | |  1.7

Action                   |  1- 3 |  4- 6 |  7- 9 | 10-12 || total
-------------------------+-------+-------+-------+-------++-------
Melee: Hand axe          |   114 |   153 |       |       ||   267
       Headbutt          |    17 |    15 |    49 |       ||    81
       War axe           |       |    26 |   210 |       ||   236
       Battleaxe         |       |       |    50 |       ||    50
Throw: Dart              |       |     5 |    19 |       ||    24
Invok: Berserk           |     1 |     3 |     6 |       ||    10
       Trog's Hand       |       |     2 |     2 |       ||     4
       Brothers in Arms  |       |       |     1 |       ||     1
Evoke: Wand              |       |       |    20 |       ||    20
  Use: Scroll            |       |    12 |     9 |       ||    21
       Potion            |       |     2 |     1 |       ||     3
 Stab: Distracted        |       |       |     1 |       ||     1
       Invisible         |       |       |     4 |       ||     4
Armor: Animal skin       |     6 |       |       |       ||     6
       Ring mail         |    34 |    77 |   104 |       ||   215
       Skin              |       |    10 |       |       ||    10
       Steam dragon scal |       |       |     7 |       ||     7
Dodge: Dodged            |    62 |   102 |   144 |       ||   308

Table legend: (Time is in decaauts)
 A = Elapsed time spent in this place.
 B = Non-inter-level travel time spent in this place.
 C = Inter-level travel time spent in this place.
 D = Time resting spent in this place.
 E = Time spent auto-exploring this place.
 F = Levels seen in this place.
 G = Mean time per level.
                   A        B        C        D        E       F      G
               +--------+--------+--------+--------+--------+-----+--------+
         Total |   8690 |   8357 |    333 |   1562 |   5232 |  10 |  869.0 |
       Dungeon |   8605 |   8282 |    323 |   1562 |   5157 |   9 |  956.1 |
        Temple |     84 |     75 |      9 |      0 |     75 |   1 |   84.0 |
               +--------+--------+--------+--------+--------+-----+--------+

Top non-repeatable levels by time:
     D:3: 1435 daAuts
     D:7: 1295 daAuts
     D:5: 1186 daAuts
     D:2: 1078 daAuts
     D:1: 1053 daAuts
     D:4: 943 daAuts
     D:6: 795 daAuts
     D:8: 714 daAuts
     D:9: 103 daAuts
  Temple: 84 daAuts
